Selects Australian Defense Battlegroup
Selects Australian Light Infantry Section
Australian Light Infantry Section
Construct Section Command Post
Construct Field Infirmary
Australian Light Infantry Section
Selects CMP 15cwt Supply Run
Construct Platoon Command Post
Unlock Bishop Self-propelled Artillery
6-pounder Anti-tank Gun Team
Selects Reinforced Resource Caches
Selects Artillery Trip Wire Flares
Bishop Self-propelled Artillery
6-pounder Anti-tank Gun Team
Construct Company Command Post
Selects Charged Creeping Barrage
Selects Charged Creeping Barrage
Selects Defensive Tactics
Selects Vehicle Over Repair
Australian Light Infantry Section